 Dungeon Crawl Stone Soup version 0.30.1-4-g462c640d31 (webtiles) character file.

Game seed: 3328190325594759936

161 kingsuperguy the Cutter (level 5, -1/33 HPs)
             Began as a Kobold Berserker on Aug 24, 2023.
             Was a Believer of Trog.
             Slain by Pikel
             ... wielding a +0 whip of freezing
              (10 damage)
             ... on level 4 of the Dungeon.
             The game lasted 00:04:04 (2285 turns).

kingsuperguy the Cutter (Kobold Berserker)          Turns: 2285, Time: 00:04:06

Health: -1/33      AC:  6    Str: 23    XL:     5   Next: 70%
Magic:  5/5        EV: 15    Int:  8    God:    Trog [**....]
Gold:   128        SH:  0    Dex: 14    Spells: 4/4 levels left

rFire   . . .        h - +0 dagger (flame)
rCold   . . .        (no shield)
rNeg    . . .        b - +0 animal skin
rPois   .            (no helmet)
rElec   .            (no cloak)
rCorr   .            (no gloves)
SInv    .            (no boots)
Will    ++...        (no amulet)
Stlth   +++          d - +6 ring of strength
HPRegen 1.25/turn    q - +4 ring of protection
MPRegen 0.09/turn

%: no passive effects
@: strong-willed (expiring), on berserk cooldown, regenerating (expiring),
slowed, very slow
A: small, no large weapons, nightstalker 3
a: Renounce Religion, Berserk, Trog's Hand


You were on level 4 of the Dungeon.
You worshipped Trog.
Trog was pleased with you.
You visited 1 branch of the dungeon, and saw 4 of its levels.

You collected 128 gold pieces.

Inventory:

Hand Weapons
 a - a +0 short sword
 h - a +0 dagger of flaming (weapon)
 o - a +1 vampiric war axe
Armour
 b - a +0 animal skin (worn)
 f - a +0 plate armour
Jewellery
 d - a +6 ring of strength (left hand)
 q - a +4 ring of protection (right hand)
Wands
 p - a wand of acid (11)
Scrolls
 g - a scroll of blinking {unknown}
 j - a scroll of poison {unknown}
 l - a scroll of amnesia {unknown}
 m - a scroll of vulnerability {unknown}
 n - 2 scrolls of fog {unknown}
 s - a scroll of identify {unknown}
 t - a scroll of enchant weapon {unknown}
Potions
 c - 2 potions of lignification {unknown}
 e - 2 potions of degeneration {unknown}
 i - 2 potions of attraction {unknown}
 k - a potion of curing {unknown}
 r - a potion of flight {unknown}


   Skills:
 + Level 4.1 Fighting
 * Level 5.8 Short Blades
 + Level 2.4 Armour
 + Level 2.9 Dodging
 * Level 2.0 Stealth


You had 4 spell levels left.
You didn't know any spells.
Your spell library was empty.

Dungeon Overview and Level Annotations

Branches:
Dungeon (4/15)
 Temple: D:4-7

Altars:

Annotations:
D:4 Pikel


Innate Abilities, Weirdness & Mutations

You are small and have problems with some larger weapons.
You are completely attuned to the shadows.


Message History

You closely miss Pikel.
Pikel is heavily wounded.
The goblin misses you.
Pikel zaps a wand.
The puff of flame hits you.
You miss Pikel.
Pikel is heavily wounded.
You closely miss Pikel.
Pikel is heavily wounded.
The goblin hits you but does no damage.
Pikel zaps a wand.
The puff of flame hits you!
* * * LOW HITPOINT WARNING * * *
You puncture Pikel! You burn Pikel.
Pikel is almost dead.
You closely miss Pikel.
Pikel is almost dead.
You are no longer berserk.
You are exhausted.
You feel yourself slow down. The goblin closely misses you.
Pikel says, "Hell isn't that bad."
Pikel barely misses you.
Your skin crawls.
You feel strong-willed. The goblin hits you but does no damage.
Pikel barely misses you.
You barely miss Pikel.
Pikel is almost dead.
You feel the effects of Trog's Hand fading.
The goblin hits you with a +0 dagger.
* * * LOW HITPOINT WARNING * * *
Pikel closely misses you.
You closely miss Pikel.
Pikel is almost dead.
The goblin misses you.
Pikel hits you with a +0 whip of freezing.
* * * LOW HITPOINT WARNING * * *
Pikel freezes you.
* * * LOW HITPOINT WARNING * * *
You hit Pikel but do no damage.
Pikel is almost dead.
The goblin barely misses you.
Pikel hits you with a +0 whip of freezing!
You die...

#..#.#.#......
#..#.#........
.####....######...
.............# ...
.##..#######.#####
.................
############.####
.. #.# ...#@#
...gK######
...##5..... ...
#......
...........
###...... #......
#......


You could see Pikel, a lemure and a goblin.

Vanquished Creatures
  2 lemures (D:4)
  A hound (D:3)
  An orc priest (D:3)
  Jessica (D:2)
  An adder (D:2)
  A worm (D:4)
  2 dart slugs
  3 orcs (D:3)
  8 ball pythons
  7 bats
  4 endoplasms
  5 goblins
  5 hobgoblins
  3 jackals (D:3)
  6 kobolds
  2 quokkas
  2 frilled lizards (D:1)
  2 rats (D:2)
56 creatures vanquished.

Notes
Turn   | Place    | Note
-------+----------+-------------------------------------------
     0 | D:1      | kingsuperguy the Kobold Berserker began the quest for the
                  | Orb.
     0 | D:1      | Reached XP level 1. HP: 14/14 MP: 1/1
    70 | D:1      | Reached XP level 2. HP: 19/19 MP: 2/2
   649 | D:1      | Reached XP level 3. HP: 23/23 MP: 3/3
   925 | D:2      | Reached ** piety under Trog
   946 | D:2      | Reached skill level 5 in Short Blades
  1078 | D:2      | Noticed Jessica
  1084 | D:2      | Killed Jessica
  1085 | D:2      | Reached XP level 4. HP: 20/29 MP: 4/4
  1352 | D:3      | Reached XP level 5. HP: 20/33 MP: 5/5
  1482 | D:3      | Reached skill level 1 in Stealth
  1596 | D:3      | Found a faded altar of an unknown god.
  2233 | D:4      | Noticed a lemure
  2234 | D:4      | Noticed a lemure
  2235 | D:4      | Noticed Pikel
  2235 | D:4      | Noticed a lemure
  2261 | D:4      | Killed a lemure
  2264 | D:4      | Noticed a lemure
  2270 | D:4      | Killed a lemure
  2285 | D:4      | Slain by Pikel

Illustrated notes

Levels and vault maps discovered:
D:1:      dpeg_arrival_windows_large_door, layout_rooms
D:2:      layout_rooms, uniq_jessica
D:3:      layout_rooms, shapermc_ecumenical_altar_ellora
D:4:      corexii_shack_village, layout_basic, uniq_robin, uniq_natasha,
          uniq_blork_the_orc, uniq_pikel

Skill      XL: |  1  2  3  4  5 |
---------------+----------------+-----
Armour         | 2 |  2.4
Short Blades   | 5 |  5.8
Fighting       | 4 |  4.1
Stealth        | 2 |  2.0
Dodging        | |  2.9

Action                     |  1- 3 |  4- 6 || total
---------------------------+-------+-------++-------
  Melee: Short sword       |    23 |       ||    23
         Dagger            |   112 |   133 ||   245
         Punch             |       |     2 ||     2
 Invoke: Berserk           |       |     2 ||     2
         Trog's Hand       |       |     1 ||     1
   Stab: Sleeping          |     1 |     7 ||     8
 Armour: Plate armour      |    64 |       ||    64
         Animal skin       |       |    32 ||    32
  Dodge: Dodged            |    61 |    84 ||   145
